 Dungeon Crawl Stone Soup version 0.32-a0-898-g7811c86cf0 (webtiles) character file.

Game seed: 8447933691355368454

59 Fodor the Covered (level 3, -3/33 HPs)
             Began as a Minotaur Fighter on Apr 4, 2024.
             Slain by a gnoll
             ... wielding a +0 halberd
              (9 damage)
             ... on level 2 of the Dungeon.
             The game lasted 00:01:55 (835 turns).

Fodor the Covered (Minotaur Fighter)                 Turns: 835, Time: 00:01:56

Health: -3/33      AC: 13    Str: 22    XL:     3   Next: 78%
Magic:  2/2        EV:  5    Int:  5    God:
Gold:   65         SH:  4    Dex:  9    Spells: 2/2 levels left

rFire   . . .        a - +0 war axe
rCold   . . .        c - +0 buckler
rNeg    . . .        b - +0 plate armour
rPois   .            (helmet restricted)
rElec   .            j - +0 cloak
rCorr   .            (no gloves)
SInv    .            (no boots)
Will    .....        (no amulet) Stlth
                     (no ring)
HPRegen 0.25/turn    (no ring)
MPRegen 0.08/turn

%: no passive effects
@: no status effects
A: horns 2, retaliatory headbutt
a: no special abilities


You were on level 2 of the Dungeon.
You visited 1 branch of the dungeon, and saw 2 of its levels.

You collected 65 gold pieces.

Inventory:

Hand Weapons
 a - a +0 war axe (weapon)
Armour
 b - a +0 plate armour (worn)
 c - a +0 buckler (worn)
 j - a +0 cloak (worn)
Talismans
 f - a flux talisman
Scrolls
 g - a scroll of amnesia {unknown}
 h - a scroll of enchant weapon {unknown}
 i - a scroll of identify {unknown}
Potions
 d - 2 potions of might
 e - a potion of brilliance {unknown}
 k - 2 potions of attraction {unknown}


   Skills:
 + Level 4.1 Fighting
 + Level 3.5 Axes
 + Level 4.2 Armour
 + Level 4.1 Shields


You had 2 spell levels left.
You didn't know any spells.
Your spell library was empty.

Dungeon Overview and Level Annotations

Branches:
Dungeon (2/15)

Altars:


Innate Abilities, Weirdness & Mutations

You have a pair of horns on your head.
You reflexively headbutt those who attack you in melee.


Message History

The gnoll shouts!
The gnoll hits you with a +0 flail. The gnoll hits you but does no damage.
You are poisoned.
The gnoll barely misses you. The gnoll hits you but does no damage.
You slash the gnoll! Your headbutt misses the gnoll.
The gnoll is severely wounded.
You hit the gnoll but do no damage.
You feel very sick. You block the gnoll's attack.
The gnoll hits you but does no damage. The gnoll barely misses you.
You closely miss the gnoll. You headbutt the gnoll.
The gnoll is moderately wounded.
You slash the gnoll!
You kill the gnoll!
You feel very sick. The gnoll hits you but does no damage.
You block the gnoll's attack.
The gnoll hits you from afar with a +0 halberd.
You block the gnoll's attack.
You slash the gnoll!
You kill the gnoll!
You feel sick. The gnoll hits you but does no damage.
You feel sick. You block the gnoll's attack.
You see here a +0 flail.
You feel sick. The gnoll hits you with a +0 halberd.
You see here a +2 whip of venom.
You hit the gnoll. You headbutt the gnoll!
The gnoll is severely wounded.
You feel sick.
You are no longer poisoned.
The gnoll hits you but does no damage. The gnoll hits you with a +0 halberd.
* * * LOW HITPOINT WARNING * * *
You closely miss the gnoll.
The gnoll is severely wounded.
The gnoll hits you with a +0 halberd.
* * * LOW HITPOINT WARNING * * *
You hit the gnoll but do no damage.
The gnoll is severely wounded.
The gnoll hits you with a +0 halberd!
You die...

#.#. ##.......#
...## ###.....#
....# #.....#
#..######.....#
.
#............#
...
##..##########
#...# ##..#
#...#.)##
#..@## ###g#
..# ####


You could see a gnoll.

Vanquished Creatures
  2 gnolls (D:2)
  2 adders (D:2)
  4 bats
  2 endoplasms
  2 hobgoblins
  2 kobolds
  2 quokkas (D:1)
  3 ball pythons
  A frilled lizard (D:1)
  3 goblins (D:1)
23 creatures vanquished.

Notes
Turn   | Place    | Note
-------+----------+-------------------------------------------
     0 | D:1      | Fodor the Minotaur Fighter began the quest for the Orb.
     0 | D:1      | Reached XP level 1. HP: 19/19 MP: 0/0
   194 | D:1      | Found a faded altar of an unknown god.
   221 | D:1      | Reached XP level 2. HP: 24/27 MP: 1/1
   776 | D:2      | Reached XP level 3. HP: 26/33 MP: 2/2
   835 | D:2      | Slain by a gnoll

Illustrated notes

Levels and vault maps discovered:
D:1:      minmay_arrival_stone_box, layout_loops_ring,
          shapermc_ecumenical_altar_starsandcircs, minmay_misc_feat_doors,
          minmay_misc_feat_more_columns
D:2:      layout_rooms, nicolae_kite_square_tiling_tiny, grunt_ministairs_2

Skill      XL: |  1  2 |
---------------+-------+-----
Fighting       | 4 |  4.1
Armour         | 4 |  4.2
Shields        | 4 |  4.1
Axes           | 3 |  3.5

Action                     || total
---------------------------++-------
  Melee: War axe           ||    53
         Headbutt          ||     5
 Armour: Scale mail        ||     8
         Plate armour      ||    63
  Dodge: Dodged            ||    24
  Block: Buckler           ||    15

Table legend: (Time is in decaauts)
 A = Elapsed time spent in this place.
 B = Non-inter-level travel time spent in this place.
 C = Inter-level travel time spent in this place.
 D = Time resting spent in this place.
 E = Time spent auto-exploring this place.
 F = Levels seen in this place.
 G = Mean time per level.
                   A        B        C        D        E       F      G
               +--------+--------+--------+--------+--------+-----+--------+
         Total |    854 |    854 |      0 |      0 |    569 |   2 |  427.0 |
       Dungeon |    854 |    854 |      0 |      0 |    569 |   2 |  427.0 |
               +--------+--------+--------+--------+--------+-----+--------+

Top non-repeatable levels by time:
     D:1: 706 daAuts
     D:2: 148 daAuts
